[Event "Team 45 45 League T59"]
[Site "Internet Chess Club"]
[Date "2013.11.26"]
[Round "1"]
[White "BrerRabbit"]
[Black "alexine"]
[Result "1/2-1/2"]
[WhiteElo "1550"]
[BlackElo "1637"]
[Opening "Queen's pawn game, Chigorin variation"]
[ECO "D02"]
[Time "14:05:45"]
[TimeControl "2700+45"]

1. d4 d5 2. Nf3 Nc6 3. e3 Nf6 4. c4 Bg4 5. cxd5 Nxd5 6. Be2 e5 7. Nxe5 Bxe2 8.
Nxc6 Bxd1 9. Nxd8 Rxd8 10. Kxd1 Bb4 11. a3 Ba5 12. b4 Bb6 13. Bb2 Nf6 14. Nd2 a6
15. Ke2 Nd5 16. Rac1 f5 17. Rhd1 Kf7 18. Nc4 Ba7 19. g3 g6 20. Ne5+ Ke6 21. Nd3
b6 22. Nf4+ Kd6 23. Nxd5 Kxd5 24. Rxc7 Bb8 25. Rc2 Rc8 26. Rdc1 Rxc2+ 27. Rxc2
Bd6 28. Kd3 Re8 29. Rc4 b5 30. Rc2 Rd8 {Game drawn by mutual agreement} 1/2-1/2

[Event "Team 45 45 League T59"]
[Site "Internet Chess Club"]
[Date "2013.11.21"]
[Round "1"]
[White "spuzzy"]
[Black "LittleButton"]
[Result "1/2-1/2"]
[WhiteElo "1725"]
[BlackElo "1860"]
[Opening "Sicilian: dragon, Yugoslav attack, 9.Bc4"]
[ECO "B77"]
[Time "17:01:51"]
[TimeControl "2700+45"]

1. e4 c5 2. Nf3 d6 3. d4 cxd4 4. Nxd4 Nf6 5. Nc3 g6 6. Be3 Bg7 7. f3 Nc6 8. Qd2
O-O 9. Bc4 Nd7 10. Bb3 Nb6 11. Nd5 Ne5 12. Nxb6 axb6 13. h4 Bd7 14. h5 e6 15.
hxg6 hxg6 16. Bh6 Qf6 17. Bxg7 Qxg7 18. O-O-O b5 19. Rh2 Nc4 20. Qf2 Na5 21. Kb1
Nxb3 22. Nxb3 Rfd8 23. Rxd6 Bc6 24. Rxd8+ Rxd8 25. Rh1 Qf6 26. Qe2 Qg5 27. g4
Qf4 28. Rd1 Rxd1+ 29. Qxd1 b4 30. Nc5 Qe3 31. Nd3 Bb5 32. b3 Kg7 33. Qe1 Qxf3
{Game drawn by mutual agreement} 1/2-1/2

[Event "Team 45 45 League T59"]
[Site "Internet Chess Club"]
[Date "2013.11.23"]
[Round "1"]
[White "badmove"]
[Black "az2112"]
[Result "1/2-1/2"]
[WhiteElo "1510"]
[BlackElo "1654"]
[Opening "Sicilian: closed, 6.f4"]
[ECO "B25"]
[Time "17:09:54"]
[TimeControl "2700+45"]

1. e4 c5 2. Nc3 Nc6 3. g3 g6 4. Bg2 Bg7 5. d3 d6 6. f4 Nf6 7. Nf3 O-O 8. O-O Bd7
9. h3 Rb8 10. Be3 a6 11. g4 b5 12. f5 Qc8 13. Qe1 Nb4 14. Qd2 d5 15. exd5 Nbxd5
16. fxg6 hxg6 17. Bh6 Nxc3 18. Bxg7 Kxg7 19. Qxc3 Kg8 20. Qe5 Rb6 21. Qg5 Kg7
22. Rae1 Re6 23. Rxe6 Bxe6 24. a3 c4 25. d4 Qc7 26. Qe5 {Game drawn by mutual
agreement} 1/2-1/2

[Event "Team 45 45 League T59"]
[Site "Internet Chess Club"]
[Date "2013.11.24"]
[Round "1"]
[White "drsigmund1"]
[Black "pokerram"]
[Result "1-0"]
[WhiteElo "1628"]
[BlackElo "1669"]
[Opening "King's Indian: London system"]
[ECO "A48"]
[Time "20:00:25"]
[TimeControl "2700+45"]

1. d4 Nf6 2. Nf3 g6 3. Bf4 Bg7 4. e3 O-O 5. Be2 d6 6. O-O Nc6 7. c3 Nd7 8. e4 e5
9. Be3 Ne7 10. Nfd2 f5 11. f3 f4 12. Bf2 g5 13. Na3 Kh8 14. g4 fxg3 15. hxg3 Ng6
16. Nac4 Nb6 17. Nxb6 axb6 18. Kg2 Nf4+ 19. gxf4 gxf4 20. Rh1 Qg5+ 21. Kf1 Rg8
22. Bc4 Rd8 23. Ke2 c6 24. Qb3 d5 25. Rag1 dxc4 26. Qxb6 Qf6 27. Bh4 Qf8 28.
Bxd8 exd4 29. cxd4 Be6 30. Bc7 Rxa2 31. Qxb7 c3 32. Be5 Qf7 33. Bxg7+ {Black
resigns} 1-0

[Event "Team 45 45 League T59"]
[Site "Internet Chess Club"]
[Date "2013.11.22"]
[Round "1"]
[White "IndianPawn"]
[Black "HumanTornado"]
[Result "0-1"]
[WhiteElo "1989"]
[BlackElo "1993"]
[Opening "Ruy Lopez: Berlin defense"]
[ECO "C65"]
[Time "19:34:53"]
[TimeControl "2700+45"]

1. e4 e5 2. Nf3 Nc6 3. Bb5 Nf6 4. d3 d6 5. c3 Be7 6. O-O O-O 7. Nbd2 a6 8. Ba4
b5 9. Bb3 Re8 10. Re1 Bf8 11. Nf1 Nb8 12. Ng5 Re7 13. d4 Nbd7 14. Ng3 g6 15. f3
c5 16. f4 c4 17. Bc2 Bb7 18. a4 Qb6 19. Be3 exf4 20. Bxf4 Ree8 21. Kh1 Rad8 22.
b3 h6 23. Nf3 cxb3 24. Bxb3 Nxe4 25. Qc2 Nxg3+ 26. Bxg3 d5 27. axb5 axb5 28. Qd3
Bg7 29. Rab1 Rxe1+ 30. Bxe1 Qc6 31. Nd2 Nb6 32. Bd1 Qe8 33. Bc2 Nc4 34. Nxc4
dxc4 35. Qg3 Qc6 36. Bd2 Re8 37. Bd1 Qf6 38. Bg4 b4 39. Bf4 b3 40. h4 h5 41. Be5
Rxe5 42. dxe5 Qxe5 43. Qxe5 Bxe5 44. Be2 Be4 45. Rd1 b2 46. Bxc4 b1=Q 47. Rxb1
Bxb1 48. Be2 Bg3 49. Bf3 Bd3 50. Bd5 Kf8 51. c4 Bf5 52. Kg1 Be6 53. Kf1 Bxd5 54.
cxd5 Ke7 55. Ke2 Kd6 56. Kf3 Bxh4 57. Ke4 Bf6 58. g3 Be5 {White resigns} 0-1

[Event "Team 45 45 League T59"]
[Site "Internet Chess Club"]
[Date "2013.11.25"]
[Round "1"]
[White "BuddyT"]
[Black "pishd"]
[Result "1-0"]
[WhiteElo "1886"]
[BlackElo "1785"]
[Opening "QGD: exchange, positional line"]
[ECO "D35"]
[Time "13:01:49"]
[TimeControl "2700+45"]

1. d4 Nf6 2. c4 e6 3. Nc3 d5 4. cxd5 exd5 5. Bg5 Nbd7 6. e3 Be7 7. Bd3 O-O 8.
Qc2 c6 9. Nge2 Re8 10. O-O Ne4 11. Bf4 f5 12. Nxd5 Bd6 13. Bxd6 Nxd6 14. Ndf4
Nf6 15. h4 Ng4 16. g3 g5 17. hxg5 Qxg5 18. Kg2 Rxe3 19. Qb3+ Kh8 20. fxe3 Nxe3+
21. Kg1 Ne4 22. Bxe4 Nxf1 23. Rxf1 fxe4 24. d5 Bg4 25. dxc6 bxc6 26. Qc3+ Kg8
27. Qc4+ Kh8 28. Qxe4 Qc5+ 29. Qd4+ Qxd4+ 30. Nxd4 Rb8 31. b3 c5 32. Nc6 Rb6 33.
Ne5 h5 34. Nxg4 hxg4 35. Rc1 a5 36. Rxc5 a4 37. Nd5 Rb8 38. b4 Rf8 39. Nf4 Rd8
40. a3 Rd1+ 41. Kf2 Rb1 42. Rc3 Kg7 43. Ke3 {Black resigns} 1-0

[Event "Team 45 45 League T59"]
[Site "Internet Chess Club"]
[Date "2013.11.22"]
[Round "1"]
[White "SugarIslander"]
[Black "Zugzwanged"]
[Result "0-1"]
[WhiteElo "1696"]
[BlackElo "1782"]
[Opening "Nimzo-Indian: classical variation"]
[ECO "E32"]
[Time "14:00:27"]
[TimeControl "2700+45"]

1. d4 Nf6 2. c4 e6 3. Nc3 Bb4 4. Qc2 O-O 5. a3 Bxc3+ 6. Qxc3 Ne4 7. Qc2 f5 8.
Nf3 b6 9. Bf4 Bb7 10. e3 d6 11. Be2 Nd7 12. h3 a5 13. O-O g5 14. Bh2 g4 15. hxg4
fxg4 16. Nd2 Nxd2 17. Qxd2 Qh4 18. Bg3 Qg5 19. Bf4 Qh4 20. d5 e5 21. Bg3 Qg5 22.
Rfd1 Nc5 23. Qc2 Bc8 24. e4 Bd7 25. b3 h5 26. Rab1 h4 27. Bh2 g3 28. fxg3 hxg3
29. Bxg3 Qxg3 30. Bf3 Rxf3 31. Rf1 Raf8 32. Qe2 Rxf1+ 33. Rxf1 Rxf1+ 34. Qxf1
Nxe4 35. Qc1 Qf2+ 36. Kh2 {White resigns} 0-1

[Event "Team 45 45 League T59"]
[Site "Internet Chess Club"]
[Date "2013.11.24"]
[Round "1"]
[White "latayvia"]
[Black "quickmissile"]
[Result "1-0"]
[WhiteElo "1597"]
[BlackElo "1619"]
[Opening "King's Indian: 5.Nf3"]
[ECO "E90"]
[Time "20:00:27"]
[TimeControl "2700+45"]

1. d4 Nf6 2. c4 g6 3. Nc3 Bg7 4. e4 d6 5. Nf3 O-O 6. h3 e5 7. d5 Nbd7 8. Bg5 h6
9. Be3 Ne8 10. g4 Kh7 11. h4 b6 12. Qd2 Nc5 13. Bh3 Bd7 14. h5 g5 15. Nxg5+ hxg5
16. Bxg5 Bf6 17. Bxf6 Qxf6 18. g5 Qe7 19. Bf5+ Kg8 20. O-O-O Ng7 21. Bh7+ Kh8
22. g6 Bg4 23. h6 Bxd1 24. hxg7+ Kxg7 25. Qh6+ Kh8 26. g7# {Black checkmated}
1-0

[Event "Team 45 45 League T59"]
[Site "Internet Chess Club"]
[Date "2013.11.24"]
[Round "1"]
[White "Ayensa80"]
[Black "Constrictor"]
[Result "1-0"]
[WhiteElo "1789"]
[BlackElo "1707"]
[Opening "Caro-Kann: two knights variation"]
[ECO "B11"]
[Time "16:12:00"]
[TimeControl "2700+45"]

1. e4 c6 2. Nc3 d5 3. Nf3 d4 4. Ne2 c5 5. Ng3 Nc6 6. Bb5 Qb6 7. a4 Bg4 8. O-O e5
9. c3 Nf6 10. h3 Bd7 11. Bxc6 Bxc6 12. Nxe5 Nxe4 13. Nxe4 Bxe4 14. Re1 Qe6 15.
d3 Bd6 16. Nc4 O-O 17. Rxe4 Qf6 18. Nxd6 Qxd6 19. Bf4 Qf6 20. cxd4 cxd4 21. Be5
Qa6 22. Qe2 Rac8 23. b4 {Black resigns} 1-0

[Event "Team 45 45 League T59"]
[Site "Internet Chess Club"]
[Date "2013.11.21"]
[Round "1"]
[White "Frankly"]
[Black "room-matt"]
[Result "0-1"]
[WhiteElo "1762"]
[BlackElo "1815"]
[Opening "Ruy Lopez: fianchetto (Smyslov/Barnes) defense"]
[ECO "C60"]
[Time "15:14:52"]
[TimeControl "2700+45"]

1. e4 e5 2. Nf3 Nc6 3. Bb5 g6 4. O-O Bg7 5. d3 d6 6. h3 Nf6 7. Nc3 O-O 8. Bg5 h6
9. Be3 a6 10. Bxc6 bxc6 11. Qd2 Kh7 12. Rad1 Rb8 13. b3 c5 14. Nh2 Re8 15. f4
exf4 16. Bxf4 Nh5 17. Be3 Be6 18. Rf3 Nf6 19. Rdf1 Nd7 20. d4 cxd4 21. Bxd4
Bxd4+ 22. Qxd4 Ne5 23. Rf6 c5 24. Qd2 Rb4 25. Qe3 c4 26. a3 Rb7 27. b4 a5 28. b5
a4 29. Kh1 Kg7 30. Qd2 Qa5 31. Qe3 Qb6 32. Qd2 Qc5 33. R6f2 Qxa3 34. Ne2 Rxb5
35. Nd4 Rb7 36. Nxe6+ Rxe6 37. Nf3 Nxf3 38. Rxf3 Qc5 39. Qc3+ Qe5 40. Qxc4 Qxe4
41. Qc3+ Qe5 42. Qc6 Ra7 43. Qb6 Qc5 44. Qb2+ Qe5 45. Qb6 Qc5 46. Qb2+ Re5 47.
Qa2 Ree7 48. Qb2+ Qe5 49. Qa2 Reb7 50. Qc4 a3 51. Qa2 Qb2 52. Qd5 a2 {White
resigns} 0-1

[Event "Team 45 45 League T59"]
[Site "Internet Chess Club"]
[Date "2013.11.23"]
[Round "1"]
[White "Duguesclin"]
[Black "ghostfire"]
[Result "1-0"]
[WhiteElo "1600"]
[BlackElo "1690"]
[Opening "QGD Slav: Slav gambit"]
[ECO "D15"]
[Time "13:05:05"]
[TimeControl "2700+45"]

1. d4 d5 2. c4 c6 3. Nf3 Nf6 4. Nc3 dxc4 5. e4 e6 6. Bxc4 Bb4 7. Bg5 h6 8. Bxf6
Qxf6 9. O-O O-O 10. e5 Qd8 11. Ne4 Nd7 12. Qc2 Nb6 13. Bb3 Nd5 14. a3 Be7 15.
Rac1 Kh8 16. Ba2 f5 17. exf6 gxf6 18. Bb1 Rf7 19. Qd2 Qf8 20. Nh4 Qg7 21. Nc5 f5
22. Nf3 Rf8 23. Ne5 Rg8 24. g3 Bg5 25. f4 Be7 26. b4 Bh4 27. Rf3 Bf6 28. Kh1
Bxe5 29. fxe5 b6 30. Nd3 Bb7 31. Kg1 Rad8 32. Nf4 Nxf4 33. Qxf4 c5 34. Rd3 c4
35. Rxc4 Ba6 36. Rc6 Bxd3 37. Rxe6 Rge8 38. Rxh6+ Kg8 39. Bxd3 Qg4 40. Qxg4+
fxg4 41. Rg6+ Kf7 42. Rxg4 Ke6 43. Bc4+ Kf5 44. Rf4+ Kg5 45. h4+ Kh6 46. Kf2 Rc8
47. Bd3 Rc3 48. Rf6+ Kg7 49. Ke3 Rxa3 50. g4 Rc8 51. Ke4 Rc1 52. Rf3 Rc2 53.
Bxc2 {Black resigns} 1-0